 Dungeon Crawl Stone Soup version 0.24.0-10-g970556be89 (webtiles) character file.

Game seed: 2196781899286055510, levelgen mode: deterministic

45 Arixos the Skirmisher (level 3, -6/29 HPs)
             Began as a Demonspawn Monk on Nov 3, 2019.
             Was a Believer of Okawaru.
             Killed by divine providence
             ... invoked by an orc priest
              (11 damage)
             ... on level 3 of the Dungeon.
             The game lasted 00:04:26 (1762 turns).

Arixos the Skirmisher (Demonspawn Monk)             Turns: 1762, Time: 00:04:27

Health: -6/29      AC:  6    Str: 12    XL:     3   Next: 42%
Magic:  0/3        EV: 12    Int: 11    God:    Okawaru [**....]
Gold:   153        SH:  3    Dex: 15    Spells: 2/2 levels left

rFire    . . .     SeeInvis +     - Unarmed
rCold    . . .     Gourm    .   (no shield)
rNeg     . . .     Faith    .   k - +0 ring mail
rPois    .         Spirit   +   (no helmet)
rElec    .         Reflect  +   c - +0 cloak
rCorr    .         Harm     .   (no gloves)
MR       .....                  (no boots)
Stlth    +.........             n - +3 amulet of reflection
HPRegen  0.09/turn              f - ring of see invisible
MPRegen  0.08/turn              m - ring of flight

@: no status effects
A: magic shield
a: Heroism, Renounce Religion, Evoke Flight


You were on level 3 of the Dungeon.
You worshipped Okawaru.
Okawaru was pleased with you.
You were not hungry.

You visited 1 branch of the dungeon, and saw 3 of its levels.

You collected 153 gold pieces.

Inventory:

Armour
 c - a +0 cloak (worn)
 k - a +0 ring mail (worn)
Jewellery
 f - a ring of see invisible (left hand)
 m - a ring of flight (right hand)
 n - a +3 amulet of reflection (around neck)
Scrolls
 e - 2 scrolls of random uselessness {unknown}
 g - 2 scrolls of enchant armour {unknown}
 h - 8 scrolls of identify {unknown}
Potions
 a - 2 potions of degeneration {unknown}
 d - 2 potions of agility {unknown}
 i - a potion of ambrosia {unknown}
 l - a potion of curing {unknown}
Comestibles
 b - 3 rations
 j - 4 chunks of flesh


   Skills:
 + Level 3.5 Fighting
 + Level 1.4 Armour
 + Level 3.2 Dodging
 - Level 1.7 Stealth
 - Level 2.6 Unarmed Combat
 * Level 0.4 Invocations


You had 2 spell levels left.
You didn't know any spells.
Your spell library was empty.

Dungeon Overview and Level Annotations

Branches:
Dungeon (3/15)

Altars:
Okawaru
Yredelemnul
Zin
The Shining One


Innate Abilities, Weirdness & Mutations

When hurt, damage is shared between your health and your magic reserves.


Message History

The orc wizard is heavily wounded.
The orc wizard misses you.
You hit the orc wizard.
The orc wizard is severely wounded.
The orc closely misses you.
The orc wizard hits you with a +0 dagger.
You hit the orc wizard but do no damage.
The orc wizard is severely wounded.
The orc misses you. The orc wizard casts a spell at you.
The magic dart hits you.
You hit the orc wizard but do no damage.
The orc wizard is severely wounded.
The orc hits you from afar with a +0 trident.
* * * LOW HITPOINT WARNING * * *
The orc wizard hits you with a +0 dagger.
* * * LOW HITPOINT WARNING * * *
The orc priest invokes the aid of Beogh against you.
Beogh smites you!
You die...

..............# #.# ..####..
..............######.### ...###..
......##...............## #......
.......#......######.#..####...#.
......♣##....## #.##....#.#...
......♣.#...## ##.#####.......
.......♣##### ##÷.............
......_♣##########.....####......
#......♣#..).(..@oo##.....#.....(
#.....♣♣#.########oo.####.#......
##.....##.# #≈≈≈≈≈≈# #######
#.....#..# #...#### # ##...##.##
##.#.. # ###....# ..... ######
##.... # ##


You could see an orc priest, an orc wizard and 2 orcs.

Vanquished Creatures
  An adder (D:2)
  An ooze (D:1)
  A leopard gecko (D:1)
  2 bats (D:2)
  3 giant cockroaches
  4 goblins
  4 hobgoblins
  2 quokkas (D:3)
  A frilled lizard (D:2)
  5 kobolds
  2 rats (D:2)
26 creatures vanquished.

Notes
Turn   | Place    | Note
-------+----------+-------------------------------------------
     0 | D:1      | Arixos the Demonspawn Monk began the quest for the Orb.
     0 | D:1      | Reached XP level 1. HP: 18/18 MP: 1/1
   695 | D:1      | Gained mutation: When hurt, damage is shared between your
                  | health and your magic reserves. [demonic ancestry]
   695 | D:1      | Reached XP level 2. HP: 24/24 MP: 2/2
  1116 | D:2      | Reached skill level 1 in Armour
  1276 | D:2      | Reached XP level 3. HP: 23/29 MP: 1/3
  1506 | D:2      | Found a basalt altar of Yredelemnul.
  1506 | D:2      | Found a glowing golden altar of the Shining One.
  1507 | D:2      | Found an iron altar of Okawaru.
  1512 | D:2      | Became a worshipper of Warmaster Okawaru
  1512 | D:2      | Reached * piety under Okawaru
  1512 | D:2      | Reached ** piety under Okawaru
  1715 | D:3      | Found a glowing silver altar of Zin.
  1762 | D:3      | Killed from afar by an orc priest

Levels and vault maps discovered:
D:1:      tarquinn_simple_flora_water_f, layout_loops_corners
D:2:      layout_rooms, chequers_temple_overflow_statue_of_worship
D:3:      layout_rooms, zin_academy, first_ration, serial_rivers,
          chequers_serial_rivers_small_a, chequers_serial_rivers_small_a,
          chequers_serial_rivers_micro_e, chequers_serial_rivers_small_b,
          chequers_serial_rivers_micro_b, chequers_serial_rivers_small_b,
          gammafunk_ghost_cemetery

Skill      XL: |  1  2 |
---------------+-------+-----
Armour         | 1 |  1.4
Dodging        | 3 |  3.2
Fighting       | |  3.5
Stealth        | |  1.7
Unarmed Combat | |  2.6
Invocations    | |  0.4

Action                   || total
-------------------------++-------
Melee: Unarmed           ||   138
 Stab: Sleeping          ||     5
  Eat: Chunk             ||     3
Armor: Robe              ||    19
       Ring mail         ||    25
Dodge: Dodged            ||    80
Block: Other             ||     2
